Map: Washout LE

Players

Krystianer - Winner!

  • Race: Protoss Protoss
  • League: Grandmaster
  • Spawn Location: 7:00

HolyHit

  • Race: Protoss Protoss
  • League: Grandmaster
  • Spawn Location: 1:00

Event: HomeStory Cup XXIX

VOD

Have the link to the VOD?

Description

Time

  • Played on: July 3, 2026, 7:08 a.m.
  • Length: 5:35

All games in this series

Show
View Real Time Build Order
Export as new Build Order

Krystianer Protoss - Winner!

Build Orders:  

Get SALT Encoding   

  8  0:00  Probe (Chrono Boost)  
  9  0:12  Probe (Chrono Boost)  
  10  0:18  Probe (Chrono Boost)  
  11  0:26  Probe  
  12  0:32  Pylon  
  12  0:38  Probe  
  13  0:50  Probe  
  13  0:54  Gateway  
  14  1:03  Probe (Chrono Boost)  
  15  1:06  Assimilator  
  16  1:12  Probe (Chrono Boost)  
  16  1:13  Assimilator  
  16  1:17  Probe (Chrono Boost)  
  17  1:29  Probe  
  17  1:30  Gateway  
  18  1:41  Probe  
  18  1:43  Cybernetics Core  
  19  1:53  Pylon, Probe  
  20  2:05  Probe  
  21  2:17  Probe  
  21  2:19  Stalker x2  
  21  2:20  Warp Gate (Chrono Boost)  
  26  2:30  Pylon  
  26  2:33  Probe  
  27  2:47  Stalker  
  27  2:51  Stalker  
  30  3:03  Robotics Facility  
  30  3:14  Stalker  
  32  3:21  Stalker  
  32  3:24  Pylon  
  34  3:32  Gateway  
  34  3:48  Warp Prism (Chrono Boost)  
  36  4:03  Stalker  
  36  4:08  Stalker  
  40  4:17  Pylon  
  40  4:38  Stalker x2  
  44  4:40  Stalker  
  46  5:00  Stalker x2  
  46  5:05  Stalker  
  52  5:16  Pylon  
Show
View Real Time Build Order
Export as new Build Order

HolyHit Protoss 

Build Orders:  

Get SALT Encoding   

  8  0:00  Probe (Chrono Boost)  
  9  0:13  Probe (Chrono Boost)  
  10  0:18  Probe (Chrono Boost)  
  11  0:27  Probe  
  12  0:32  Pylon  
  12  0:39  Probe  
  13  0:52  Probe  
  13  0:54  Gateway  
  14  1:04  Probe (Chrono Boost)  
  15  1:08  Assimilator  
  15  1:13  Probe (Chrono Boost)  
  15  1:18  Probe (Chrono Boost)  
  16  1:21  Assimilator  
  17  1:30  Probe  
  17  1:31  Gateway  
  18  1:42  Probe  
  18  1:46  Cybernetics Core  
  19  1:54  Probe  
  19  1:57  Pylon  
  20  2:06  Probe (Chrono Boost)  
  21  2:18  Probe (Chrono Boost)  
  21  2:22  Stalker x2  
  26  2:24  Warp Gate  
  26  2:28  Probe (Chrono Boost)  
  27  2:38  Probe  
  28  2:44  Pylon  
  28  2:56  Stalker  
  29  3:02  Probe, Stalker  
  32  3:24  Nexus  
  32  3:27  Sentry  
  32  3:30  Sentry  
  32  3:33  Probe  
  37  3:56  Twilight Council  
  37  3:59  Pylon  
  37  4:05  Pylon  
  37  4:12  Probe  
  37  4:13  Robotics Facility  
  37  4:16  Shield Battery  
  37  4:18  Sentry  
  39  4:28  Shield Battery  
  39  4:32  Stalker  
  41  4:45  Shield Battery  
  41  5:01  Probe  
  41  5:05  Stalker  
  44  5:08  Probe  
  44  5:12  Stalker  
Tags
 
Add a new tag
Caveats
  • Supply blocks, unpowered buildings, or Contaminate may cause inaccurate times.
  • Supply counts are checked every 10 seconds.